 Dungeon Crawl Stone Soup version 0.17.1-2-g5865329 (webtiles) character file.

11565 Bubnilka the Covert (level 11, 0/60 HPs)
             Began as a Spriggan Assassin on Jan 20, 2016.
             Was an Elder of Dithmenos.
             Drowned by a water elemental (3 damage)
             ... on level 11 of the Dungeon.
             The game lasted 00:52:42 (11162 turns).

Bubnilka the Covert (Spriggan Assassin)            Turns: 11162, Time: 00:52:42

Health: 0/60       AC:  9    Str:  7    XL:     11   Next: 51%
Magic:  0/12       EV: 31    Int: 18    God:    Dithmenos [****..]
Gold:   644        SH:  0    Dex: 29    Spells: 0 memorised, 10 levels left

rFire  + . .     SeeInvis +     c - +9 dagger of the Forgotten Demons {elec, Int+4}
rCold  + . .     Clarity  .     S - +2 robe {rC+ rF+}
rNeg   + . .     SustAt   +     (shield restricted)
rPois  +         Gourm    .     v - +2 hat
rElec  +         Spirit   +     N - +2 cloak
rCorr  .         Warding  .     (gloves unavailable)
rMut   .         Stasis   .     (boots unavailable)
MR     +....                    s - amulet of guardian spirit
Stlth  +++++++++.               D - ring of Edwow {rElec rPois rN+ Dex+9 Stlth-}
                                P - ring of sustain attributes

@: engulfed (cannot breathe), wreathed by umbra, very quick, somewhat resistant
to hostile enchantments, incredibly stealthy
A: unfitting armour, talons 1, see invisible, herbivore 3, speed 3, slow
metabolism 2
a: Shadow Step, Renounce Religion


You were on level 11 of the Dungeon.
You worshipped Dithmenos.
Dithmenos was greatly pleased with you.
You were not hungry.

You visited 2 branches of the dungeon, and saw 12 of its levels.

You collected 644 gold pieces.

Inventory:

Hand Weapons
 a - a +3 dagger
 b - a +0 blowgun
 c - the +9 dagger of the Forgotten Demons (weapon) {elec, Int+4}
   (You found it on level 9 of the Dungeon)

   Occasionally, upon striking a foe, it will discharge some electrical energy
   and cause terrible harm.
   It affects your intelligence (+4).
 w - a +2 dagger of venom
 x - a cursed -3 short sword
 E - a +2 dagger of chaos
Missiles
 e - 40 poisoned needles
 f - 2 curare-tipped needles
Armour
 v - a +2 hat (worn)
 N - a +2 cloak (worn)
 S - a +2 robe of resistance (worn)
 V - a +0 swamp dragon armour
Rods
 o - a -1 rod of inaccuracy (10/10)
   (You found it on level 8 of the Dungeon)
Jewellery
 j - an uncursed ring of wizardry
 q - an uncursed amulet of resist mutation
 s - an amulet of guardian spirit (around neck)
 D - the ring of Edwow (right hand) {rElec rPois rN+ Dex+9 Stlth-}
   (You found it on level 9 of the Dungeon)

   [ring of positive energy]

   It affects your dexterity (+9).
   It insulates you from electricity.
   It protects you from poison.
   It protects you from negative energy.
   It makes you less stealthy.
 I - an uncursed ring of ice
 P - a ring of sustain attributes (left hand)
Wands
 l - a wand of fireball (8)
 y - a wand of disintegration (15)
 F - a wand of draining (4)
 J - a wand of frost (14)
 K - a wand of teleportation (2)
 O - a wand of slowing (22)
 Y - a wand of disintegration (12)
Scrolls
 d - 2 scrolls of identify
 h - 9 scrolls of teleportation
 m - 6 scrolls of remove curse
 p - 3 scrolls of magic mapping
 C - 2 scrolls of amnesia
 H - a scroll of recharging
 U - a scroll of fear
Potions
 k - 2 potions of haste
 n - 3 potions of degeneration
 r - a potion of poison
 t - a potion of curing
 u - 2 potions of lignification
 G - 2 potions of heal wounds {unknown}
 R - a potion of ambrosia {unknown}
 T - 2 potions of flight {unknown}
Books
 z - a book of Clouds

   Spells                             Type                      Level
   a - Mephitic Cloud                 Conjuration/Poison/Air       3
   b - Conjure Flame                  Conjuration/Fire             3
   c - Poisonous Cloud                Conjuration/Poison/Air       6
   d - Freezing Cloud                 Conjuration/Ice/Air          6
   e - Ring of Flames                 Charms/Fire                  7
 B - a book of Alchemy

   Spells                             Type                      Level
   a - Sublimation of Blood           Necromancy                   2
   b - Ignite Poison                  Fire/Transmutation/Poison    3
   c - Alistair's Intoxication        Transmutation/Poison         4
   d - Condensation Shield            Ice                          4
   e - Petrify                        Transmutation/Earth          4
   f - Irradiate                      Conjuration/Transmutation    5
 L - a book of Conjurations

   Spells                             Type                      Level
   a - Magic Dart                     Conjuration                  1
   b - Searing Ray                    Conjuration                  2
   c - Dazzling Spray                 Conjuration/Hexes            3
   d - Fulminant Prism                Conjuration/Hexes            4
   e - Iskenderun's Mystic Blast      Conjuration                  4
   f - Iskenderun's Battlesphere      Conjuration/Charms           5
 Q - an Akashic Record

   Spells                             Type                      Level
   a - Dispersal                      Translocation                6
   b - Malign Gateway                 Summoning/Translocation      7
   c - Disjunction                    Translocation                8
   d - Controlled Blink               Translocation                8
 Z - a book of Burglary

   Spells                             Type                      Level
   a - Swiftness                      Charms/Air                   2
   b - Passwall                       Transmutation/Earth          3
   c - Passage of Golubria            Translocation                4
   d - Lee's Rapid Deconstruction     Earth                        5
   e - Darkness                       Hexes                        6
   f - Invisibility                   Hexes                        6
Comestibles
 g - 9 bread rations
 i - 9 fruits
 A - a royal jelly
 M - 9 slices of pizza


   Skills:
 * Level 8.3 Fighting
 + Level 11.7 Short Blades
 - Level 2.8 Throwing
 - Level 10.0 Dodging
 + Level 14.4 Stealth


You had 10 spell levels left.
You didn't know any spells.

Dungeon Overview and Level Annotations

Branches:
Dungeon (11/15)            Temple (1/1) D:6            Lair (0/8) D:11
    Orc (0/4) D:10

Altars:
Ashenzari
Cheibriados
Dithmenos
Elyvilon
Fedhas
Gozag
Kikubaaqudgha
Makhleb
Nemelex Xobeh
Okawaru
Qazlal
Ru
Sif Muna
Trog
Vehumet
Xom
Yredelemnul
Zin
The Shining One

Shops:
D:5 (   D:6 }


Innate Abilities, Weirdness & Mutations

You are tiny and cannot use many weapons and most armour.
You have supernaturally acute eyesight.
You are a herbivore.
You cover ground extremely quickly.
You need consume almost no food.
You have sharp toenails.


Message History

You claw the water elemental, but do no damage.
The water elemental is heavily damaged.
* * * LOW HITPOINT WARNING * * *
Your lungs strain for air!
The water elemental closely misses you.
Drink which item? (? for menu, Esc to quit)
You feel better.
* * * LOW HITPOINT WARNING * * *
Your lungs strain for air!
The water elemental completely misses you.
You puncture the water elemental!
You claw the water elemental, but do no damage.
The water elemental is heavily damaged.
Your shadow hits the water elemental but does no damage.
* * * LOW HITPOINT WARNING * * *
Your lungs strain for air!
You hit the water elemental.
You claw the water elemental, but do no damage.
The water elemental is severely damaged.
You die...

..# .. #.# #. ##.# #
#.. ..# #.#..######)#
#...........#######
#......##...[.....####
.........)##)........#
......E@..##.).......#
..........##.........#
..........##.........#
........>###.........#
..##########††.......#
. ...###...#####.####
....[....# .# ##
...##....##### # .# .#
... #...........


You could see a water elemental.

Vanquished Creatures
  A hill giant (D:11)
  Pikel (D:7)
  An ugly thing (D:11)
  Psyche (D:9)
  A gargoyle (D:10)
  2 trolls
  A two-headed ogre (D:9)
  9 yaks
  2 water elementals (D:11)
  A deep elf fighter (D:11)
  Eustachio (D:5)
  2 steam dragons
  A hippogriff (D:9)
  9 swamp worms (D:9)
  A water moccasin (D:9)
  2 sky beasts
  4 ice beasts
  2 slaves (D:7)
  A black bear (D:9)
  3 orc warriors
  8 ogres
  5 centaurs
  A big kobold (D:10)
  A wasp (D:11)
  A brain worm (D:9)
  A gnoll sergeant (D:11)
  6 giant frogs
  15 killer bees
  3 scorpions
  7 crimson imps
  5 quasits
  11 orc priests
  2 giant frog skeletons (D:10)
  4 hounds
  2 jellies
  14 orc wizards
  5 worker ants
  Natasha (D:2)
  An iguana (D:6)
  2 killer bee zombies (D:7)
  A hound zombie (D:5)
  A hound skeleton (D:7)
  Robin (D:2)
  13 adders
  11 gnolls
  4 river rats (D:11)
  4 shadow imps
  3 oozes
  An adder skeleton (D:4)
  An adder zombie (D:6)
  12 worms
  The ghost of Clownie the Gusty, a weakling VSAE (D:3)
  2 giant geckos
  44 orcs
  A ball python (D:2)
  8 giant cockroaches
  10 goblins
  11 hobgoblins
  16 jackals
  9 kobolds
  8 quokkas
  13 bats
  A giant gecko zombie (D:5)
  4 giant newts
  23 rats
344 creatures vanquished.

Vanquished Creatures (others)
  An orc wizard (D:7)
  3 plants (D:9)
4 creatures vanquished.

Grand Total: 348 creatures vanquished

Notes
Turn   | Place    | Note
--------------------------------------------------------------
     0 | D:1      | Bubnilka the Spriggan Assassin began the quest for the Orb.
     0 | D:1      | Reached XP level 1. HP: 10/10 MP: 2/2
   151 | D:1      | Reached skill level 6 in Stealth
   327 | D:1      | Reached XP level 2. HP: 14/14 MP: 3/3
   835 | D:2      | Found a sparkling altar of Nemelex Xobeh.
   839 | D:2      | Found a shattered altar of Ashenzari.
   865 | D:2      | Reached XP level 3. HP: 9/18 MP: 4/4
   872 | D:2      | Gained mutation: You have sharp toenails. [potion of beneficial mutation]
  1159 | D:2      | Noticed Robin
  1537 | D:2      | Killed Robin
  1537 | D:2      | Reached XP level 4. HP: 17/23 MP: 5/5
  2133 | D:2      | Noticed Natasha
  2171 | D:2      | Killed Natasha
  2464 | D:2      | Found a sacrificial altar of Ru.
  2589 | D:2      | Reached XP level 5. HP: 13/26 MP: 6/6
  2775 | D:3      | Found a faded altar to an unknown god.
  2816 | D:3      | Noticed Clownie's ghost (weakling VSAE)
  2851 | D:3      | Killed Clownie's ghost
  3205 | D:3      | Reached skill level 5 in Dodging
  3212 | D:3      | Reached skill level 7 in Stealth
  3435 | D:4      | Reached XP level 6. HP: 32/32 MP: 7/7
  3667 | D:4      | Noticed an ogre
  3668 | D:4      | Reached skill level 8 in Stealth
  3671 | D:4      | Killed an ogre
  3842 | D:4      | Found a sacrificial altar of Ru.
  3954 | D:5      | Entered Level 5 of the Dungeon
  3974 | D:5      | Noticed Eustachio
  3978 | D:5      | Reached XP level 7. HP: 31/35 MP: 8/8
  4022 | D:5      | Killed Eustachio
  4022 | D:5      | Reached skill level 5 in Short Blades
  4022 | D:5      | Reached skill level 9 in Stealth
  4036 | D:5      | HP: 1/54 [acid (3)]
  4431 | D:5      | Found Otisogg's Antique Weapon Boutique.
  4794 | D:5      | Reached skill level 10 in Stealth
  4794 | D:5      | Reached XP level 8. HP: 35/40 MP: 7/9
  5132 | D:6      | Found a staircase to the Ecumenical Temple.
  5143 | Temple   | Entered the Ecumenical Temple
  5385 | D:6      | Found Jaewu's Gadget Emporium.
  5692 | D:6      | Found a shadowy altar of Dithmenos.
  5707 | D:6      | Became a worshipper of Dithmenos the Shadowed
  5872 | D:7      | Reached skill level 11 in Stealth
  6250 | D:7      | Reached XP level 9. HP: 46/46 MP: 10/10
  6323 | D:7      | Noticed Pikel
  6348 | D:7      | Killed Pikel
  6514 | D:7      | Reached * piety under Dithmenos
  6564 | D:7      | Found an ancient bone altar of Kikubaaqudgha.
  6629 | D:7      | Reached skill level 5 in Fighting
  6830 | D:7      | Reached skill level 12 in Stealth
  8095 | D:9      | Found a white marble altar of Elyvilon.
  8129 | D:9      | Reached XP level 10. HP: 51/51 MP: 11/11
  8210 | D:9      | Reached ** piety under Dithmenos
  8504 | D:9      | Got a brightly glowing silver ring
  8510 | D:9      | Reached skill level 10 in Short Blades
  8513 | D:9      | Identified the ring of Edwow {rElec rPois rN+ Dex+9 Stlth-} (You found it on level 9 of the Dungeon)
  8570 | D:9      | Noticed Psyche
  8627 | D:9      | Killed Psyche
  8656 | D:9      | Found a snail-covered altar of Cheibriados.
  9289 | D:9      | Reached skill level 13 in Stealth
  9618 | D:9      | Reached skill level 10 in Dodging
  9970 | D:9      | Got a crystal dagger
  9971 | D:9      | Identified the +9 dagger of the Forgotten Demons {elec, Int+4} (You found it on level 9 of the Dungeon)
  9998 | D:10     | Entered Level 10 of the Dungeon
 10234 | D:10     | Reached XP level 11. HP: 58/58 MP: 12/12
 10340 | D:10     | Found a staircase to the Orcish Mines.
 10346 | D:10     | Reached *** piety under Dithmenos
 10594 | D:11     | Noticed a hill giant
 10604 | D:11     | Killed a hill giant
 10731 | D:11     | Found a staircase to the Lair.
 10789 | D:11     | Reached **** piety under Dithmenos
 10789 | D:11     | Reached skill level 14 in Stealth
 11161 | D:11     | HP: 3/60 [drowned by a water elemental (3)]
 11162 | D:11     | Drowned by a water elemental

Action                   |  1- 3 |  4- 6 |  7- 9 | 10-12 || total
-------------------------+-------+-------+-------+-------++-------
Melee: Dagger            |    99 |   203 |   427 |   549 ||  1278
  Use: Scroll            |     5 |     1 |     9 |    10 ||    25
       Potion            |     4 |     1 |     6 |     6 ||    17
 Stab: Sleeping          |    11 |    26 |    39 |    38 ||   114
       Distracted        |     2 |       |     1 |     6 ||     9
  Eat: Pizza             |       |     1 |       |       ||     1
       Fruit             |       |       |     4 |     4 ||     8
